 Dungeon Crawl Stone Soup version 0.25-a0-782-g655279ceaa (webtiles) character file.

Game seed: 12402160464748001834, levelgen mode: deterministic

1012 tilp the Quickloader (level 8, -1/43 HPs)
             Began as a Kobold Arcane Marksman on Apr 16, 2020.
             Slain by Duvessa
             ... wielding a +0 rapier
              (4 damage)
             ... on level 5 of the Dungeon.
             The game lasted 00:17:52 (6885 turns).

tilp the Quickloader (Kobold Arcane Marksman)       Turns: 6885, Time: 00:17:53

Health: -1/43      AC:  8    Str:  8    XL:     8   Next: 45%
Magic:  9/9        EV: 14    Int: 15    God:
Gold:   214        SH:  6    Dex: 16    Spells: 6/9 levels left

rFire    . . .     SeeInvis .   b - +1 short sword (freeze)
rCold    . . .     Gourm    .   e - +0 buckler
rNeg     . . .     Faith    .   g - +0 leather armour
rPois    .         Spirit   .   p - +1 helmet
rElec    .         Reflect  .   (no cloak)
rCorr    .         Harm     .   q - +0 pair of gloves
MR       +....                  h - +1 pair of boots
Stlth    +.........             (no amulet)
HPRegen  0.14/turn              (no ring)
MPRegen  0.11/turn              z - ring of protection from magic

@: no status effects
A: small, carnivore
a: no special abilities


You were on level 5 of the Dungeon.
You were completely stuffed.

You visited 1 branch of the dungeon, and saw 5 of its levels.

You collected 214 gold pieces.

Inventory:

Hand Weapons
 a - a +0 hand crossbow
 b - a +1 short sword of freezing (weapon)
 m - a +0 mace
 o - a +0 flail
Missiles
 s - 2 datura-tipped darts
 C - 5 boomerangs (quivered)
Armour
 e - a +0 buckler (worn)
 g - a +0 leather armour (worn)
 h - a +1 pair of boots (worn)
 p - a +1 helmet (worn)
 q - a +0 pair of gloves (worn)
Jewellery
 t - an uncursed ring of teleportation
 y - an uncursed ring of fire
 z - a ring of protection from magic (right hand)
Scrolls
 c - a scroll of remove curse
 n - a scroll of fog {unknown}
 v - a scroll of blinking {unknown}
 x - a scroll of enchant armour {unknown}
Potions
 k - 2 potions of mutation
 w - a potion of cancellation
 A - a potion of degeneration {unknown}
 D - a potion of ambrosia {unknown}
Comestibles
 f - 11 rations


   Skills:
 - Level 1.1 Fighting
 + Level 9.5 Crossbows
 - Level 2.4 Dodging
 - Level 4.0 Shields
 - Level 1.1 Spellcasting
 - Level 3.0 Hexes


You had 6 spell levels left.
You knew the following spells:

 Your Spells              Type           Power        Failure   Level  Hunger
a - Corona                Hex            #......      12%         1    ##.....
b - Slow                  Hex            #.......     19%         2    ###....

Your spell library contained the following spells:

 Spells                   Type           Power        Failure   Level  Hunger
 Magic Dart               Conj           #...         38%         1    ##.....
 Blink                    Tloc           N/A          52%         2    ###....
 Call Imp                 Summ           #.......     52%         2    ###....
 Inner Flame              Hex/Fire       #.......     54%         3    ####...
 Portal Projectile        Hex/Tloc       #.....       54%         3    ####...
 Cause Fear               Hex            #.........   75%         4    #####..
 Conjure Flame            Conj/Fire      #.......     77%         3    ####...
 Mephitic Cloud           Conj/Pois/Air  #.......     77%         3    ####...
 Leda's Liquefaction      Hex/Erth       #.........   91%         4    #####..


Dungeon Overview and Level Annotations

Branches:
Dungeon (5/15)
 Temple: D:4-7

Altars:
Dithmenos
Wu Jian

Annotations:
D:2 Sigmund
D:5 Duvessa


Innate Abilities, Weirdness & Mutations

You are small and have problems with some larger weapons.
You are carnivorous and can eat meat at any time.


Message History

* * * LOW HITPOINT WARNING * * *
You hit Duvessa but do no damage.
Duvessa is heavily wounded.
You block Duvessa's attack. Duvessa closely misses you.
You hit Duvessa. You freeze Duvessa.
Duvessa is severely wounded.
You block Duvessa's attack.
You hit Duvessa. You freeze Duvessa.
Duvessa is severely wounded.
Duvessa barely misses you. Duvessa closely misses you.
You closely miss Duvessa.
Duvessa is severely wounded.
Duvessa barely misses you.
You hit Duvessa but do no damage.
Duvessa is severely wounded.
Duvessa closely misses you. x2
You hit Duvessa. You freeze Duvessa.
Duvessa is almost dead.
Duvessa hits you with a +0 rapier.
You die...

##.....................# #.#
.#.......(((.#.#.#.###.# #.#
.............#.#.#.# #.# #.#
##..........(#.....###.# #.#
##.....................# #.#
#................#.##..# #.#
.............#.#.#.##..# #.#
...............e.#.##..# #.#
.........)...#.#@#.##..# #.#
.............#.#.#.##..####.###
............ # ...............#
........... ..... ..#####.###
........... #.#.#.##.#####.#
........... .#.#.#.##.##.##.# <
.......#.##.##[#
..##.#.#.##.##.##)### ...
.....##.##.##...#


You could see the neutral Duvessa (insane).

Vanquished Creatures
  A sky beast (D:5)
  A black bear (D:4)
  An ogre (D:4)
  Dowan (D:5)
  A howler monkey (D:5)
  A crimson imp (D:3)
  2 bullfrog skeletons
  2 hounds
  2 orc wizards
  Jessica (D:3)
  Natasha (thrice) (D:2)
  2 worker ants
  A worker ant zombie (D:5)
  Robin (D:1)
  4 gnolls
  9 adders
  7 oozes
  An adder skeleton (D:4)
  2 worms (D:1)
  2 dart slugs
  4 leopard geckos
  7 orcs
  4 bats
  17 giant cockroaches
  11 goblins
  13 hobgoblins
  5 jackals
  6 kobolds
  2 quokkas
  6 frilled lizards
  A jackal skeleton (D:4)
  A quokka skeleton (D:4)
  A quokka zombie (D:5)
  11 rats
134 creatures vanquished.

Notes
Turn   | Place    | Note
-------+----------+-------------------------------------------
     0 | D:1      | tilp the Kobold Arcane Marksman began the quest for the
                  | Orb.
     0 | D:1      | Reached XP level 1. HP: 12/12 MP: 2/2
     1 | D:1      | Found a runed translucent door.
    42 | D:1      | Reached skill level 3 in Crossbows
    42 | D:1      | Reached XP level 2. HP: 16/16 MP: 3/3
   243 | D:1      | Learned a level 2 spell: Slow
   251 | D:1      | Reached skill level 4 in Crossbows
   251 | D:1      | Reached XP level 3. HP: 20/20 MP: 2/4
  1139 | D:2      | Noticed Robin
  1314 | D:1      | Killed Robin
  1314 | D:1      | Reached XP level 4. HP: 4/25 MP: 1/5
  1609 | D:1      | Reached skill level 5 in Crossbows
  1991 | D:2      | Noticed Natasha
  1997 | D:2      | Killed Natasha
  1997 | D:2      | Reached skill level 6 in Crossbows
  1997 | D:2      | Reached XP level 5. HP: 29/29 MP: 6/6
  2004 | D:2      | Noticed Natasha
  2164 | D:2      | Killed Natasha
  2489 | D:2      | Noticed Natasha
  2493 | D:2      | Killed Natasha
  2499 | D:2      | Reached XP level 6. HP: 30/34 MP: 5/7
  2556 | D:2      | Reached skill level 7 in Crossbows
  2597 | D:2      | Noticed Sigmund
  3479 | D:3      | Found a shadowy altar of Dithmenos.
  3691 | D:3      | Noticed Jessica
  3692 | D:3      | Killed Jessica
  3692 | D:3      | Reached skill level 1 in Shields
  4034 | D:4      | Noticed an ogre
  4038 | D:4      | Killed an ogre
  4038 | D:4      | Reached skill level 8 in Crossbows
  4038 | D:4      | Reached XP level 7. HP: 30/38 MP: 8/8
  5537 | D:4      | Reached XP level 8. HP: 17/43 MP: 6/9
  6023 | D:5      | Entered Level 5 of the Dungeon
  6274 | D:5      | Found an ornate altar of the Wu Jian Council.
  6422 | D:5      | Reached skill level 9 in Crossbows
  6498 | D:5      | Noticed Dowan
  6539 | D:5      | Killed Dowan
  6593 | D:5      | Noticed Duvessa
  6879 | D:5      | HP: 2/43 [Duvessa/+0 rapier (2)]
  6885 | D:5      | Slain by Duvessa

Levels and vault maps discovered:
D:1:      dpeg_arrival_caged_fury, layout_basic
D:2:      layout_loops_ring, uniq_robin, uniq_natasha, uniq_sigmund
D:3:      layout_rooms, grunt_dithmenos_smoke_and_mirrors, minmay_misc_feat_x,
          uniq_jessica
D:4:      layout_cave_pools, cheibrodos_gnoll_hut
D:5:      layout_basic, marbit_many_paths, first_ration, uniq_duvessa,
          uniq_pikel

Skill      XL: |  1  2  3  4  5  6  7  8 |
---------------+-------------------------+-----
Crossbows      | 3 4 6 8 9 |  9.5
Shields        | 1 3 4 |  4.0
Fighting       | |  1.1
Dodging        | |  2.4
Spellcasting   | |  1.1
Hexes          | |  3.0

Action                   |  1- 3 |  4- 6 |  7- 9 || total
-------------------------+-------+-------+-------++-------
Melee: Short sword       |    47 |   278 |   258 ||   583
 Fire: Hand crossbow     |    37 |    66 |    22 ||   125
Throw: Dart              |       |       |     8 ||     8
       Boomerang         |       |       |     2 ||     2
 Cast: Corona            |     9 |    14 |     8 ||    31
       Slow              |     1 |     4 |     6 ||    11
  Use: Scroll            |       |     6 |     5 ||    11
       Potion            |       |       |     4 ||     4
  Eat: Chunk             |     9 |    11 |    10 ||    30
Armor: Leather armour    |    11 |   127 |    72 ||   210
       Skin              |       |       |     6 ||     6
Dodge: Dodged            |    41 |   252 |   163 ||   456
Block: Buckler           |       |       |    34 ||    34

Table legend:
 A = Non-vault XP
 B = Vault XP
 C = Vault XP percentage of total XP
 D = Non-vault monster count
 E = Vault monster count
 F = Vault count percentage of total count
                 A         B        C        D         E       F
            +---------+---------+-------+---------+---------+-------
      Total |    1121 |     325 |  22.5 |      99 |      35 |  26.1
            +---------+---------+-------+---------+---------+-------
        D:1 |      71 |      71 |  50.0 |      24 |      20 |  45.5
        D:2 |     162 |      51 |  23.9 |      19 |      10 |  34.5
        D:3 |     169 |      79 |  31.9 |      29 |       2 |   6.5
        D:4 |     391 |      57 |  12.7 |      15 |       2 |  11.8
        D:5 |     328 |      67 |  17.0 |      12 |       1 |   7.7
            +---------+---------+-------+---------+---------+-------
